 Dungeon Crawl Stone Soup version 0.26.1-11-gd32895ea62 (webtiles) character file.

Game seed: 12021445632047365925

64 H0rd4k the Insei (level 4, 0/28 HPs)
             Began as an Octopode Transmuter on May 26, 2021.
             Slain by Crazy Yiuf
             ... wielding a +3 quarterstaff of chaos
              (2 damage)
             ... while petrified by Crazy Yiuf
             ... on level 2 of the Dungeon.
             The game lasted 00:01:12 (2666 turns).

H0rd4k the Insei (Octopode Transmuter)              Turns: 2666, Time: 00:01:12

Health: 0/28       AC:  1    Str:  9    XL:     4   Next: 12%
Magic:  7/7        EV:  2    Int: 16    God:
Gold:   113        SH:  0    Dex: 12    Spells: 3/7 levels left

rFire    . . .     SeeInvis .     - Unarmed
rCold    . . .     Faith    .   (no shield)
rNeg     + + +     Spirit   .   (helmet restricted)
rPois    ∞         Reflect  .   (no amulet)
rElec    .         Harm     .   (no ring)
rCorr    .         Rampage  .   (no ring)
Will     .....                  (no ring)
Stlth    ++........             (no ring)
HPRegen  0.09/turn              (no ring)
MPRegen  0.10/turn              (no ring)
                                (no ring)
                                (no ring)

@: petrified, very slightly contaminated, invisible
A: almost no armour, stealthy swim, amphibious, 8 rings, constrict 8, camouflage
1, gelatinous body 1
a: no special abilities


You were on level 2 of the Dungeon.
You visited 1 branch of the dungeon, and saw 2 of its levels.

You collected 113 gold pieces.

Inventory:

Jewellery
 g - an uncursed amulet of the acrobat {unknown}
Scrolls
 a - 3 scrolls of remove curse {unknown}
 c - a scroll of random uselessness {unknown}
 e - 4 scrolls of identify {unknown}
 f - a scroll of enchant weapon {unknown}
 k - a scroll of enchant armour {unknown}
 l - a scroll of fog {unknown}
 m - a scroll of blinking {unknown}
 p - a scroll of immolation {unknown}
Potions
 b - a potion of magic {unknown}
 d - a potion of curing {unknown}
 h - a potion of lignification {unknown}
 i - 2 potions of might {unknown}
 j - a potion of haste {unknown}
 n - a potion of brilliance {unknown}
 o - a potion of experience {unknown}


   Skills:
 + Level 1.2 Fighting
 + Level 2.4 Dodging
 + Level 3.8 Unarmed Combat
 * Level 2.3 Spellcasting
 * Level 2.5 Transmutations
 * Level 0.5 Poison Magic


You had 3 spell levels left.
You knew the following spells:

 Your Spells              Type           Power        Failure   Level
a - Beastly Appendage     Tmut           20%          7%          1
b - Spider Form           Tmut/Pois      3%           32%         3

Your spell library contained the following spells:

 Spells                   Type           Power        Failure   Level
 Wereblood                Tmut           10%          11%         2
 Ice Form                 Ice/Tmut       5%           75%         4
 Blade Hands              Tmut           5%           89%         5


Dungeon Overview and Level Annotations

Branches:
Dungeon (2/15)

Altars:

Annotations:
D:2 Crazy Yiuf


Innate Abilities, Weirdness & Mutations

You cannot wear most types of armour.
You are very stealthy in the water. (Stealth+)
You are amphibious.
You can wear up to eight rings at the same time.
You can use your tentacles to constrict eight enemies at once.
Your skin changes colour to match your surroundings (Stealth+).
Your rubbery body absorbs attacks. (AC +1, EV +1)


Message History

You constrict Crazy Yiuf, but do no damage.
Crazy Yiuf hits you with a +3 quarterstaff of chaos!
You are slowing down.
You barely miss Crazy Yiuf.
Crazy Yiuf is lightly wounded.
You constrict Crazy Yiuf. Crazy Yiuf barely misses you.
Your limbs are stiffening.
You tentacle-slap Crazy Yiuf.
Crazy Yiuf is lightly wounded.
You constrict Crazy Yiuf.
Crazy Yiuf hits you with a +3 quarterstaff of chaos!
* * * LOW HITPOINT WARNING * * *
You fade into invisibility!
You are very lightly contaminated with residual magic.
You have turned to stone.
You constrict Crazy Yiuf.
Crazy Yiuf hits you with a +3 quarterstaff of chaos!
* * * LOW HITPOINT WARNING * * *
Crazy Yiuf burns you.
You die...

###.##..#
#.......###. #
#.....# #.......#
#. # ####.###
#.......# #. #
#.....# ####....#
#. # #.#.###
#....# #. # #.#.#
#.#### #.
####.#.# ###
♣♣##..# ##
.....#.# #)..#♣♣
♣♣..#..#
######.###
#...g@♣♣♣♣......#
#....#
#...#♣..♣......##
###### ###
♣♣♣.♣...###
♣♣♣♣♣##


You could see Crazy Yiuf.

Vanquished Creatures
  2 adders (D:2)
  An ooze (D:1)
  A worm (D:2)
  2 dart slugs (D:2)
  4 bats (D:2)
  7 goblins
  7 hobgoblins
  3 kobolds (D:1)
  A ball python (D:1)
  A frilled lizard (D:1)
  6 rats
35 creatures vanquished.

Notes
Turn   | Place    | Note
-------+----------+-------------------------------------------
     0 | D:1      | H0rd4k the Octopode Transmuter began the quest for the Orb.
     0 | D:1      | Reached XP level 1. HP: 13/13 MP: 3/3
   176 | D:1      | Reached XP level 2. HP: 15/18 MP: 5/5
  1343 | D:2      | Reached XP level 3. HP: 23/23 MP: 6/6
  1347 | D:2      | Learned a level 3 spell: Spider Form
  2102 | D:2      | Reached XP level 4. HP: 25/28 MP: 7/7
  2379 | D:2      | Found a runed translucent door.
  2380 | D:2      | Noticed Crazy Yiuf
  2666 | D:2      | Slain by Crazy Yiuf

Illustrated notes

Levels and vault maps discovered:
D:1:      zelgadis_glass_arrival_small, layout_basic
D:2:      layout_basic, uniq_crazy_yiuf_cottage

Action                   |  1- 3 |  4- 6 || total
-------------------------+-------+-------++-------
Melee: Unarmed           |    87 |     7 ||    94
       Constrict         |    24 |     2 ||    26
       Tentacles         |    18 |     4 ||    22
 Stab: Sleeping          |     2 |     1 ||     3
Armor: Skin              |     8 |     2 ||    10
Dodge: Dodged            |    49 |     3 ||    52
